 Dungeon Crawl Stone Soup version 0.29.1-2-gbd0b4ee654 (webtiles) character file.

Game seed: 10519659035128885928

11 zeram the Shield-Bearer (level 2, -7/18 HPs)
             Began as a Deep Elf Fighter on Nov 18, 2022.
             Mangled by a gnoll
             ... wielding a +0 flail
              (9 damage)
             ... on level 1 of the Dungeon.
             The game lasted 00:00:54 (488 turns).

zeram the Shield-Bearer (Deep Elf Fighter)           Turns: 488, Time: 00:00:56

Health: -7/18      AC: 11    Str: 13    XL:     2   Next: 17%
Magic:  4/4        EV:  3    Int: 12    God:
Gold:   37         SH:  4    Dex: 14    Spells: 1/1 levels left

rFire   . . .      SeeInvis .   a - +0 rapier
rCold   . . .      Faith    .   c - +0 buckler
rNeg    . . .      Spirit   .   f - +0 plate armour
rPois   .          Reflect  .   (no helmet)
rElec   .          Harm     .   (no cloak)
rCorr   .          Rampage  .   (no gloves)
Will    .....                   (no boots)
Stlth   ..........              (no amulet)
HPRegen 0.06/turn               (no ring)
MPRegen 0.09/turn               (no ring)

@: mighty
A: no striking features
a: no special abilities


You were on level 1 of the Dungeon.
You visited 1 branch of the dungeon, and saw 1 of its levels.

You collected 37 gold pieces.

Inventory:

Hand Weapons
 a - a +0 rapier (weapon)
Armour
 b - a +0 scale mail
 c - a +0 buckler (worn)
 f - a +0 plate armour (worn)
Jewellery
 i - a ring of resist corrosion
Scrolls
 e - a scroll of enchant armour {unknown}
 g - a scroll of immolation {unknown}
 h - a scroll of identify {unknown}
Potions
 d - 2 potions of might


   Skills:
 - Level 2.4 Fighting
 - Level 2.0 Short Blades
 + Level 2.6 Armour
 + Level 2.8 Shields


You had one spell level left.
You didn't know any spells.
Your spell library contained the following spells:

 Spells                   Type           Power      Damage    Failure   Level
 Beastly Appendage        Tmut           0%         N/A       100%        1
 Wereblood                Tmut           0%         N/A       100%        2
 Spider Form              Tmut/Pois      0%         N/A       100%        3


Dungeon Overview and Level Annotations

Branches:
Dungeon (1/15)

Altars:


Message History

The endoplasm quivers.
You hit the gnoll.
The gnoll is lightly wounded.
The kobold hits you with a +0 short sword.
The gnoll hits you but does no damage.
You hit the gnoll.
The gnoll is heavily wounded.
A dart slug comes into view.
The kobold hits you with a +0 short sword.
The gnoll hits you with a +0 flail.
You are too injured to fight recklessly!
You are too injured to fight recklessly!
You are too injured to fight recklessly!
You are too injured to fight recklessly!
You are too injured to fight recklessly!
You are too injured to fight recklessly!
You are too injured to fight recklessly!
You are too injured to fight recklessly!
You are too injured to fight recklessly!
Unknown command.
The gnoll barely misses you.
You barely miss the gnoll.
The gnoll is heavily wounded.
The gnoll completely misses you. You block the kobold's attack.
Unknown command.
The gnoll attacks as you move away! The gnoll hits you with a +0 flail!
* * * LOW HITPOINT WARNING * * *
You feel very mighty all of a sudden. The endoplasm barely misses you.
You barely miss the endoplasm.
The endoplasm hits you but does no damage.
Unknown command.
You puncture the endoplasm!
You kill the endoplasm!
Unknown command.
You puncture the kobold!
You kill the kobold!
The gnoll hits you with a +0 flail!
Ouch! That really hurt!
You die...

#. #. ...#
#..#.####...#
#..#.#......#
##...........#
#............#
#.....$.....####
#.w...w.........
#
....##g########
. . #@.# # ##.#
#.# #.# #.# #.#
#.## ##..##
#....###


You could see a gnoll and a dart slug.

Vanquished Creatures
  A ball python (D:1)
  An endoplasm (D:1)
  3 giant cockroaches (D:1)
  A hobgoblin (D:1)
  2 bats (D:1)
  3 kobolds (D:1)
11 creatures vanquished.

Notes
Turn   | Place    | Note
-------+----------+-------------------------------------------
     0 | D:1      | zeram the Deep Elf Fighter began the quest for the Orb.
     0 | D:1      | Reached XP level 1. HP: 13/13 MP: 3/3
   358 | D:1      | Reached XP level 2. HP: 18/18 MP: 4/4
   488 | D:1      | Mangled by a gnoll

Illustrated notes

Levels and vault maps discovered:
D:1:      dpeg_arrival_rooms_with_view, layout_basic,
          chequers_ecumenical_altar_simple, nrook_loot_triangle

Action                   || total
-------------------------++-------
Melee: Rapier            ||    42
  Use: Potion            ||     1
Armor: Scale mail        ||    12
       Plate armour      ||    15
Dodge: Dodged            ||    13
Block: Buckler           ||     9
